Map: Orbital Shipyard

Players

Pacomike

  • Race: Protoss Protoss
  • League: Grandmaster

HTOMario - Winner!

  • Race: Terran Terran
  • League: Grandmaster

VOD

Have the link to the VOD?

Description

Time

  • Played on: Nov. 20, 2015, 5:29 p.m.
  • Length: 14:57
Show
View Real Time Build Order
Export as new Build Order

Pacomike Protoss 

Build Orders: 1 Gate Expand, Blink Stalkers 

Get SALT Encoding   

  12  0:01  Probe (Chrono Boost)  
  13  0:12  Probe (Chrono Boost)  
  14  0:18  Pylon  
  14  0:22  Probe (Chrono Boost)  
  15  0:36  Probe (Chrono Boost)  
  15  0:38  Gateway  
  16  0:45  Assimilator  
  16  0:47  Probe (Chrono Boost)  
  17  0:58  Probe (Chrono Boost)  
  18  1:08  Probe (Chrono Boost)  
  19  1:22  Nexus  
  19  1:33  Cybernetics Core  
  19  1:35  Probe (Chrono Boost)  
  20  1:43  Assimilator  
  20  1:46  Probe (Chrono Boost)  
  21  1:53  Pylon  
  21  1:57  Probe (Chrono Boost)  
  22  2:07  Probe (Chrono Boost)  
  23  2:09  Warp Gate  
  23  2:11  Adept (Chrono Boost)  
  25  2:18  Probe  
  26  2:25  Twilight Council  
  26  2:30  Probe (Chrono Boost)  
  26  2:36  Probe (Chrono Boost)  
  28  2:43  Mothership Core (Chrono Boost)  
  30  2:47  Probe (Chrono Boost)  
  30  2:50  Pylon  
  31  2:57  Probe (Chrono Boost)  
  32  3:01  Probe (Chrono Boost)  
  32  3:05  Blink (Chrono Boost)  
  33  3:06  Probe  
  33  3:12  Probe  
  35  3:17  Probe  
  35  3:18  Gateway  
  36  3:24  Gateway  
  36  3:29  Probe  
  36  3:31  Gateway  
  36  3:32  Probe  
  38  3:40  Pylon  
  38  3:43  Probe  
  39  3:48  Robotics Facility  
  39  3:49  Probe  
  39  3:55  Probe  
  41  4:00  Probe  
  42  4:06  Pylon  
  42  4:08  Probe  
  43  4:11  Probe  
  44  4:20  Pylon  
  44  4:22  Stalker x2  
  44  4:23  Stalker  
  50  4:26  Stalker  
  50  4:31  Pylon  
  46  4:49  Stalker  
  46  4:50  Stalker x3  
  54  4:53  Observer (Chrono Boost)  
  53  5:00  Probe  
  53  5:01  Probe  
  55  5:10  Probe  
  55  5:13  Probe  
  51  5:17  Observer (Chrono Boost)  
  51  5:20  Pylon  
  51  5:21  Probe  
  52  5:24  Stalker  
  52  5:26  Stalker  
  52  5:28  Probe (Chrono Boost)  
  58  5:33  Probe (Chrono Boost)  
  59  5:39  Probe (Chrono Boost)  
  60  5:44  Probe (Chrono Boost)  
  62  5:50  Probe (Chrono Boost)  
  62  5:52  Stalker x2  
  62  5:55  Probe (Chrono Boost)  
  67  6:02  Probe (Chrono Boost)  
  68  6:15  Adept x2  
  68  6:16  Adept x2  
  76  6:19  Pylon  
  76  6:20  Gateway  
  76  6:22  Probe (Chrono Boost)  
  76  6:23  Assimilator  
  77  6:27  Assimilator  
  79  6:32  Probe (Chrono Boost)  
  78  6:44  Robotics Bay  
  78  6:47  Probe (Chrono Boost), Nexus  
  79  6:49  Probe (Chrono Boost)  
  79  6:51  Pylon  
  80  6:55  Pylon  
  80  6:56  Pylon  
  80  7:03  Probe (Chrono Boost)  
  81  7:19  Pylon  
  81  7:21  Probe (Chrono Boost)  
  81  7:22  Probe (Chrono Boost)  
  83  7:24  Colossus (Chrono Boost)  
  83  7:28  Forge  
  83  7:32  Extended Thermal Lance (Chrono Boost), Probe x2  
  83  7:34  Adept  
  83  7:35  Adept  
  95  7:44  Probe x2  
  95  7:50  Adept x2  
  101  7:56  Probe x2  
  103  7:59  Pylon  
  103  8:02  Adept  
  103  8:03  Adept  
  103  8:05  Sentry  
  109  8:07  Protoss Ground Weapons Level 1  
  109  8:08  Probe x2  
  103  8:27  Stalker x4  
  103  8:28  Stalker  
  103  8:34  Probe x2  
  109  8:42  Probe  
  110  8:49  Probe  
  110  8:51  Assimilator  
  111  8:55  Assimilator  
  111  8:56  Stalker x5  
  111  9:00  Gateway  
  111  9:01  Colossus, Gateway  
  111  9:02  Pylon  
  127  9:22  Adept x4  
  127  9:23  Adept  
  137  9:40  Pylon  
  137  9:45  Charge  
  137  9:47  Stalker x2  
  137  9:48  Stalker  
  137  9:51  Nexus  
  143  9:55  Pylon x2  
  143  9:57  Pylon  
  143  10:04  Protoss Ground Weapons Level 2 (Chrono Boost)  
  143  10:09  Adept x2  
  143  10:10  Adept x2  
  143  10:13  Mothership Core  
  153  10:14  Colossus  
  153  10:27  Sentry  
  161  10:29  Zealot x2  
  161  10:30  Zealot  
  161  10:32  Probe  
  161  10:33  Probe  
  169  10:41  Probe  
  170  10:45  Adept x3  
  176  10:57  Zealot x2  
  176  10:58  Zealot x2  
  176  11:03  Warp Prism, Assimilator  
  184  11:08  Assimilator  
  186  11:16  Templar Archives  
  186  11:18  Adept x2  
  186  11:19  Adept x2  
  186  11:22  Probe  
  186  11:24  Probe x3  
  198  11:28  Pylon  
  198  11:33  Probe  
  198  11:36  Probe  
  200  12:05  Resonating Glaives  
  200  12:06  Psionic Storm  
  192  12:08  High Templar x3  
  192  12:09  High Templar  
  200  12:20  Protoss Ground Armor Level 1 (Chrono Boost)  
  194  12:40  Zealot x3  
  180  12:51  Zealot x2  
  180  12:52  Zealot x2  
  152  13:01  Colossus  
  152  13:04  Stalker x3  
  124  13:18  Gateway x2  
  108  13:22  Stalker  
  108  13:23  Stalker x3  
  116  13:29  Stalker x3  
  122  13:35  Pylon x2  
  122  13:36  Gateway  
  122  13:38  Gateway  
  118  13:47  Stalker x3  
  118  13:48  Stalker  
  125  13:51  Nexus  
  125  13:53  Zealot x3  
  125  13:55  Colossus  
  137  13:56  Pylon  
  137  13:57  Pylon  
  134  14:12  Stalker x4  
  134  14:13  Stalker x2  
  134  14:14  Stalker  
  108  14:41  Stalker x2  
  108  14:42  Archon  
  108  14:44  Zealot x7  
  108  14:45  Zealot  
Show
View Real Time Build Order
Export as new Build Order

HTOMario Terran - Winner!

Build Orders: 1/1/1, MMM Bio 

Get SALT Encoding   

  12  0:00  SCV  
  13  0:12  SCV  
  14  0:18  Supply Depot  
  14  0:25  SCV  
  15  0:31  Refinery  
  15  0:39  SCV  
  16  0:45  Barracks  
  16  0:51  SCV  
  17  1:04  SCV  
  18  1:16  SCV  
  19  1:32  Orbital Command  
  19  1:33  Marine  
  19  1:36  Factory  
  20  1:45  Supply Depot  
  20  1:51  Marine  
  21  1:59  SCV  
  22  2:11  SCV, Marine  
  24  2:15  Command Center  
  24  2:22  Starport  
  24  2:25  Widow Mine  
  24  2:28  SCV  
  27  2:32  Marine  
  28  2:39  Refinery  
  28  2:42  Supply Depot  
  28  2:43  SCV  
  29  2:52  Barracks Reactor  
  29  2:55  SCV  
  30  3:07  SCV  
  30  3:11  Barracks  
  30  3:12  Barracks  
  31  3:16  Medivac  
  33  3:24  Widow Mine  
  33  3:27  SCV  
  36  3:33  Marine x2  
  38  3:39  SCV  
  39  3:45  Orbital Command  
  39  3:52  SCV  
  39  3:54  Factory Tech Lab  
  40  4:04  Barracks Tech Lab  
  40  4:05  Marine x2  
  40  4:06  Viking  
  44  4:10  SCV  
  45  4:20  SCV  
  45  4:22  SCV, Stimpack, Marauder  
  49  4:24  Marine  
  49  4:25  Marine  
  49  4:26  Combat Shields  
  51  4:32  SCV  
  51  4:35  SCV  
  53  4:44  SCV  
  54  4:52  Factory Reactor  
  54  4:57  Supply Depot, Marine  
  54  4:58  Supply Depot  
  54  5:04  Marine  
  54  5:18  SCV x2, Medivac, Marine x3  
  54  5:21  Supply Depot x2  
  61  5:22  Marine  
  61  5:27  Barracks x2  
  62  5:33  SCV x2  
  62  5:36  Marine x2  
  62  5:37  Marauder  
  62  5:39  Marine  
  66  5:48  Supply Depot  
  66  5:49  Supply Depot  
  66  5:54  Marine  
  66  5:57  Factory Reactor, Marine  
  67  5:58  Marauder  
  68  6:06  Concussive Shells  
  68  6:10  Medivac x2  
  72  6:16  SCV, Marauder  
  72  6:17  Marine x2  
  76  6:19  Marauder  
  76  6:20  Command Center  
  76  6:22  Refinery  
  78  6:26  Refinery  
  78  6:33  Barracks Reactor  
  78  6:37  Marine  
  78  6:39  Barracks Tech Lab x2  
  79  6:40  Marine  
  79  6:45  SCV  
  81  6:47  Factory Reactor  
  81  6:54  Supply Depot  
  81  6:55  Supply Depot, Marine, Marauder  
  81  6:56  Marine  
  81  6:58  Marine  
  86  7:09  Engineering Bay  
  86  7:10  Engineering Bay  
  86  7:15  SCV x2, Marine x2  
  90  7:16  Marine x2  
  90  7:17  Supply Depot x2  
  92  7:25  Marauder x2  
  92  7:26  Widow Mine x2  
  92  7:27  SCV x2  
  102  7:34  Marauder, Marine  
  105  7:39  Terran Infantry Weapons Level 1, Terran Infantry Armor Level 1, SCV x2  
  105  7:43  Missile Turret  
  107  7:52  SCV x2  
  107  7:54  Orbital Command  
  109  8:00  Marauder, Marine x2  
  109  8:04  SCV x2  
  115  8:16  SCV  
  112  8:25  Marine x3  
  112  8:26  Marauder x3  
  116  8:36  Liberator x2  
  116  8:38  SCV x2  
  114  8:43  Marine x2  
  114  8:44  SCV, Marauder  
  114  8:47  Marauder x2, Marine  
  117  8:53  Widow Mine  
  123  9:00  Marine  
  123  9:01  Marine  
  125  9:05  Marauder x2  
  125  9:06  Refinery x2  
  125  9:08  Marine  
  125  9:09  Marauder  
  132  9:11  Armory  
  132  9:13  Starport  
  132  9:18  Marine  
  133  9:24  Liberator x2  
  133  9:26  Supply Depot  
  133  9:27  Supply Depot  
  133  9:41  SCV x2  
  133  9:44  Missile Turret  
  141  9:47  SCV, Missile Turret  
  141  9:48  Missile Turret, Marauder  
  144  9:53  Ghost Academy, Marine x2  
  144  9:54  Marine, Marauder x2  
  144  9:57  Supply Depot x2  
  144  9:58  Viking x2  
  144  9:59  Factory Reactor  
  155  10:10  SCV x2  
  155  10:11  Command Center  
  155  10:14  Supply Depot x2, Liberator x2  
  157  10:16  Supply Depot  
  157  10:18  SCV  
  158  10:31  Viking x2  
  158  10:34  Supply Depot  
  167  10:38  Terran Infantry Weapons Level 2  
  167  10:39  Supply Depot  
  167  10:40  Terran Infantry Armor Level 2  
  167  10:44  Liberator  
  167  10:46  Terran Vehicle And Ship Armor Level 1  
  166  10:57  Liberator x2  
  171  11:04  Marauder x3, Marine x3  
  178  11:11  Viking  
  186  11:22  Marine x2  
  186  11:23  Marauder  
  186  11:25  Missile Turret, Marine  
  192  11:26  Marauder  
  193  11:37  SCV x2  
  195  11:49  Personal Cloaking, Marauder x2, Marine  
  200  11:59  Barracks  
  200  12:00  Barracks  
  200  12:01  Barracks  
  195  12:24  Liberator  
  195  12:27  Command Center  
  183  12:38  Marine  
  183  12:39  Marauder x3, Marine x2  
  183  12:40  Medivac x3  
  177  12:53  Liberator  
  177  12:56  Marine  
  177  12:57  Marauder  
  169  13:02  Marauder, Marine x3  
  169  13:03  Marauder x2  
  169  13:04  Marine  
  173  13:14  Marine  
  173  13:19  Marauder  
  176  13:20  Marine  
  176  13:24  Marauder x3, Marine x2  
  176  13:25  Medivac x3  
  185  13:43  Ghost  
  185  13:44  Ghost x2  
  191  13:54  Marine x2  
  191  13:55  Marauder  
  195  13:58  Marine x2  
  194  14:12  Marauder  
  194  14:14  Marauder, Marine  
  194  14:15  Marine  
  191  14:28  Marauder, Marine  
  190  14:37  Missile Turret  
Tags
 
Add a new tag
Caveats
  • Supply blocks, unpowered buildings, or Contaminate may cause inaccurate times.
  • Supply counts are checked every 10 seconds.